 Dungeon Crawl Stone Soup version 0.20-a0-689-g860b9ab (webtiles) character file.

462 Alarkh the Magician (level 6, -5/41 HPs)
             Began as a Mummy Wizard on Feb 19, 2017.
             Slain by an orc wizard
             ... wielding a +0 dagger
              (6 damage)
             ... on level 4 of the Dungeon.
             The game lasted 00:06:12 (3502 turns).

Alarkh the Magician (Mummy Wizard)                  Turns: 3502, Time: 00:06:12

Health: -5/41      AC:  3    Str: 10    XL:     6   Next: 79%
Magic:  1/15       EV: 12    Int: 20    God:
Gold:   177        SH:  0    Dex: 10    Spells: 8/17 levels left

rFire    x . .     SeeInvis .   a - +0 falchion
rCold    + . .     Gourm    .   l - +0 robe
rNeg     + + +     Faith    .   (no shield)
rPois    ∞         Spirit   .   i - +0 helmet
rElec    .         Reflect  .   (no cloak)
rCorr    .         Harm     .   (no gloves)
MR       +....                  (no boots)
Stlth    ++........             r - amulet of regeneration
Regen    0.6/turn               (no ring)
MPRegen  0.2/turn               o - ring of protection from magic

@: no status effects
A: no food or potions, fire vulnerability, cold resistance 1, negative energy
resistance 3, torment resistance, unbreathing
a: no special abilities


You were on level 4 of the Dungeon.
You were not hungry.

You visited 1 branch of the dungeon, and saw 4 of its levels.

You collected 177 gold pieces.

Inventory:

Hand Weapons
 a - a +0 falchion (weapon)
Armour
 b - a +0 hat
 i - a +0 helmet (worn)
 l - a +0 robe (worn)
Jewellery
 o - a ring of protection from magic (left hand)
 p - a +2 amulet of reflection
 r - an amulet of regeneration (around neck)
Scrolls
 d - a scroll of magic mapping
 e - a scroll of identify
 f - a scroll of fog
 g - a scroll of fear {unknown}
 j - a scroll of blinking {unknown}
 k - 5 scrolls of recharging
 m - 2 scrolls of enchant weapon {unknown}
 n - 2 scrolls of enchant armour {unknown}
Books
 c - a book of Minor Magic

   Spells                             Type                      Level
   a - Magic Dart                     Conjuration                  1
   b - Blink                          Translocation                2
   c - Call Imp                       Summoning                    2
   d - Slow                           Hexes                        2
   e - Conjure Flame                  Conjuration/Fire             3
   f - Mephitic Cloud                 Conjuration/Poison/Air       3


   Skills:
 - Level 1.5 Dodging
 - Level 1.5 Stealth
 + Level 6.3 Spellcasting
 * Level 4.8 Conjurations
   Level 0.7 Summonings
 - Level 0.7 Translocations


You had 8 spell levels left.
You knew the following spells:

 Your Spells              Type           Power        Failure   Level  Hunger
a - Magic Dart            Conj           ####         1%          1    N/A
b - Blink                 Tloc           N/A          14%         2    N/A
c - Mephitic Cloud        Conj/Pois/Air  ##......     17%         3    N/A
e - Conjure Flame         Conj/Fire      ###.....     12%         3    N/A

Dungeon Overview and Level Annotations

Branches:
Dungeon (4/15)
 Temple: D:4-7

Altars:
Kikubaaqudgha
Trog
Zin


Innate Abilities, Weirdness & Mutations

You do not eat or drink.
Your flesh is vulnerable to fire.
You are immune to poison.
Your flesh is cold resistant. (rC+)
You are immune to negative energy. (rN+++)
You are immune to unholy pain and torment.
You can survive without breathing.


Message History

As you open the door, it creaks loudly!
A centaur skeleton comes into view.
The orc wizard mumbles some strange words.
The orc wizard blinks!
The centaur skeleton barely misses you.
You hit the centaur skeleton.
The centaur skeleton is lightly damaged.
The orc closely misses you.
You riposte.
You hit the orc.
The orc is almost dead.
The centaur skeleton hits you. The orc wizard hits you with a dagger.
The centaur skeleton hits you. The orc hits you with a mace.
* * * LOW HITPOINT WARNING * * *
The orc wizard barely misses you. The centaur skeleton hits you.
* * * LOW HITPOINT WARNING * * *
As you read the scroll labeled JAXUUS LOIGH, it crumbles to dust.
It is a scroll of recharging.
You aren't carrying any rechargeable items.
The orc hits you with a mace.
* * * LOW HITPOINT WARNING * * *
The centaur skeleton misses you. The orc wizard hits you with a dagger.
You die...

..#...#............
..+...'...........
.###..#...........
.###..##.......#########
.......#.......#.......#
.....).#.......#......
.......#.......#....
#####..#.......##Z####+##
#..######...@.......#
....# #...oo......# ...#
#.......).... ..#
#............
#.†..o.......
..).....###'#. .........#
.# .........# #
..$......#


You could see 2 orc wizards, an orc and a centaur skeleton.

Vanquished Creatures
  Grinder (D:3)
  The ghost of Malvoorn the Archer, an amateur CeHu (D:3)
  An orc priest (D:4)
  Ijyb (D:3)
  An orc wizard (D:3)
  4 adders
  A shadow imp (D:3)
  An ooze (D:2)
  A dart slug (D:2)
  3 orcs
  2 ball pythons
  4 giant cockroaches
  3 goblins
  8 hobgoblins
  3 jackals
  2 quokkas
  5 bats
  6 frilled lizards
  6 kobolds
  4 rats
58 creatures vanquished.

Notes
Turn   | Place    | Note
-------+----------+-------------------------------------------
     0 | D:1      | Alarkh the Mummy Wizard began the quest for the Orb.
     0 | D:1      | Reached XP level 1. HP: 13/13 MP: 5/5
    67 | D:1      | Reached skill level 1 in Conjurations
   721 | D:1      | Reached XP level 2. HP: 14/19 MP: 0/7
  1549 | D:1      | Reached XP level 3. HP: 20/24 MP: 0/9
  1553 | D:1      | Learned a level 2 spell: Blink
  1557 | D:1      | Learned a level 3 spell: Mephitic Cloud
  1561 | D:1      | Learned a level 3 spell: Conjure Flame
  2089 | D:2      | Reached XP level 4. HP: 26/30 MP: 0/10
  2174 | D:2      | Found a glowing silver altar of Zin.
  2174 | D:2      | Found a bloodstained altar of Trog.
  2179 | D:2      | Found a faded altar of an unknown god.
  2182 | D:2      | Found an ancient bone altar of Kikubaaqudgha.
  2184 | D:2      | Found a faded altar of an unknown god.
  2393 | D:3      | Noticed Grinder
  2400 | D:3      | Paralysed by Grinder for 2 turns
  2411 | D:3      | Paralysed by Grinder for 3 turns
  2566 | D:3      | Killed Grinder
  2566 | D:3      | Reached skill level 5 in Spellcasting
  2566 | D:3      | Reached XP level 5. HP: 24/35 MP: 5/13
  2566 | D:3      | Reached XP level 6. HP: 28/41 MP: 5/14
  2661 | D:3      | Noticed Malvoorn's ghost (amateur CeHu)
  2889 | D:3      | Killed Malvoorn's ghost
  2889 | D:3      | Reached skill level 6 in Spellcasting
  3229 | D:3      | Noticed Ijyb
  3269 | D:3      | Killed Ijyb
  3502 | D:4      | HP: 1/41 [orc/mace (5)]
  3502 | D:4      | Slain by an orc wizard

Vault maps used:
D:1:      arrival_zaba_pyramid, serial_co_window_serial,
          co_window_of_opportunity_a, co_window_of_opportunity_a,
          co_window_paths_a, co_window_paths_a, co_window_corner_a,
          co_window_broadway_a, co_window_2corner, co_window_corner_b,
          co_window_broadway_a, glass_columns_b, glass_columns_a
D:2:      chequers_temple_overflow_minitemple, first_bread,
          roderic_nine_men_s_morris, hangedman_decor_growths, st_stairs_12
D:3:      uniq_iyjb, uniq_grinder
D:4:      led_sif_book, temple_statues

Skill      XL: |  1  2  3  4  5  6 |
---------------+-------------------+-----
Conjurations   | 1 2 4 |  4.8
Spellcasting   | 5 6 |  6.3
Dodging        | |  1.5
Stealth        | |  1.5
Summonings     | |  0.7
Translocations | |  0.7

Action                   |  1- 3 |  4- 6 || total
-------------------------+-------+-------++-------
Melee: Unarmed           |     6 |       ||     6
       Falchion          |    13 |    39 ||    52
 Cast: Magic Dart        |    97 |    77 ||   174
       Conjure Flame     |       |     6 ||     6
       Mephitic Cloud    |       |     3 ||     3
  Use: Scroll            |     3 |     2 ||     5
 Stab: Sleeping          |     1 |       ||     1
       Confused          |       |     2 ||     2
Armor: Robe              |    34 |     7 ||    41
Dodge: Dodged            |    61 |    31 ||    92
       Rpst.: Falchion   |     6 |    11 ||    17
